 Dungeon Crawl Stone Soup version 0.29-a0-451-gfbfa42419e (webtiles) character file.

Game seed: 16394840996940152773

58 Faeu the Skirmisher (level 3, -4/49 HPs)
             Began as a Minotaur Berserker on May 19, 2022.
             Was a Believer of Trog.
             Slain by a gnoll
             ... wielding a +0 spear
              (8 damage)
             ... on level 2 of the Dungeon.
             The game lasted 00:01:33 (1510 turns).

Faeu the Skirmisher (Minotaur Berserker)            Turns: 1510, Time: 00:01:34

Health: -4/49      AC:  2    Str: 23    XL:     3   Next: 76%
Magic:  2/2        EV: 12    Int:  4    God:    Trog [**....]
Gold:   113        SH:  0    Dex:  9    Spells: 2/2 levels left

rFire   . . .      SeeInvis .   a - +0 hand axe
rCold   . . .      Faith    .   (no shield)
rNeg    . . .      Spirit   .   b - +0 animal skin
rPois   .          Reflect  .   (helmet restricted)
rElec   .          Harm     .   (no cloak)
rCorr   .          Rampage  .   (no gloves)
Will    .....                   (no boots)
Stlth   ..........              (no amulet)
HPRegen 0.16/turn               (no ring)
MPRegen 0.08/turn               (no ring)

@: berserking, very quick
A: horns 2, retaliatory headbutt
a: Renounce Religion, Berserk, Trog's Hand


You were on level 2 of the Dungeon.
You worshipped Trog.
Trog was pleased with you.
You visited 1 branch of the dungeon, and saw 2 of its levels.

You collected 113 gold pieces.

Inventory:

Hand Weapons
 a - a +0 hand axe (weapon)
Armour
 b - a +0 animal skin (worn)
Jewellery
 l - a ring of willpower
Scrolls
 d - a scroll of identify {unknown}
 e - 3 scrolls of fear {unknown}
 f - 2 scrolls of poison {unknown}
 g - 2 scrolls of immolation {unknown}
 h - a scroll of fog {unknown}
 i - a scroll of enchant weapon {unknown}
 j - 3 scrolls of torment {unknown}
 k - a scroll of magic mapping {unknown}
 m - a scroll of enchant armour {unknown}
Potions
 c - a potion of invisibility {unknown}


   Skills:
 + Level 4.2 Fighting
 + Level 4.2 Axes
 + Level 3.3 Armour
 + Level 3.0 Dodging


You had 2 spell levels left.
You didn't know any spells.
Your spell library was empty.

Dungeon Overview and Level Annotations

Branches:
Dungeon (2/15)

Altars:
Makhleb

Shops:
D:1 *


Innate Abilities, Weirdness & Mutations

You have a pair of horns on your head.
You reflexively headbutt those who attack you in melee.


Message History

You hit the gnoll. The gnoll misses you. The gnoll hits you with a +0 club.
The gnoll misses you.
There are monsters nearby!
You hit the gnoll but do no damage. You headbutt the gnoll!
The gnoll is severely wounded.
You hit the quokka. You barely miss the gnoll. The quokka misses you.
The gnoll hits you with a +0 spear!
* * * LOW HITPOINT WARNING * * *
The gnoll barely misses you. x2; The quokka bites you.
* * * LOW HITPOINT WARNING * * *
There are monsters nearby!
You are too injured to fight recklessly!
A red film seems to cover your vision as you go berserk!
You feel yourself moving faster!
You feel mighty! The gnoll hits you with a +0 spear.
* * * LOW HITPOINT WARNING * * *
The gnoll hits you with a +0 club.
* * * LOW HITPOINT WARNING * * *
The quokka bites you.
* * * LOW HITPOINT WARNING * * *
The gnoll closely misses you.
You hit the gnoll.
You kill the gnoll!
Trog accepts your kill.
You hit the quokka.
You kill the quokka!
Trog accepts your kill.
You hit the gnoll. The gnoll misses you. You furiously retaliate!
You headbutt the gnoll! The gnoll completely misses you.
Your Dodging skill increases to level 3!
You hit the gnoll. Your headbutt misses the gnoll.
The gnoll is almost dead.
You slash the endoplasm!
You kill the endoplasm!
Trog accepts your kill.
You hit the gnoll.
You kill the gnoll!
Trog accepts your kill.
The gnoll hits you from afar with a +0 spear!
You die...

..... .... ....
##########)...
#.............
###########.........#
..........#.........#
.....g....#.........#
[....$)@............#
......)...#..........
######...............
########.####### #.#
#.# #.# #.#
#.##########


You could see a gnoll.

Vanquished Creatures
  2 gnolls (D:2)
  A dart slug (D:1)
  3 endoplasms
  A giant cockroach (D:2)
  2 goblins
  4 hobgoblins
  8 jackals (D:1)
  2 kobolds
  3 quokkas
  6 ball pythons
  6 bats
  2 frilled lizards (D:1)
  3 rats (D:2)
43 creatures vanquished.

Notes
Turn   | Place    | Note
-------+----------+-------------------------------------------
     0 | D:1      | Faeu the Minotaur Berserker began the quest for the Orb.
     0 | D:1      | Reached XP level 1. HP: 19/19 MP: 0/0
   192 | D:1      | Reached XP level 2. HP: 10/27 MP: 1/1
   631 | D:1      | Found a faded altar of an unknown god.
   854 | D:1      | Found Atorch's Assorted Antiques.
   882 | D:1      | Reached XP level 3. HP: 33/33 MP: 2/2
   943 | D:1      | Reached ** piety under Trog
  1124 | D:2      | Found a burning altar of Makhleb.
  1510 | D:2      | Slain by a gnoll

Illustrated notes

Levels and vault maps discovered:
D:1:      sevenhm_arrival_forest_fort_large_1, layout_rooms, serial_shops,
          nicolae_shop_stone, nicolae_ecumenical_snake_handling,
          minmay_split_cup_small
D:2:      layout_rooms, basic_altar, kennysheep_generic_room_6

Skill      XL: |  1  2  3 |
---------------+----------+-----
Fighting       | 4 |  4.2
Axes           | 4 |  4.2
Armour         | 3 |  3.3
Dodging        | 3 |  3.0

Action                   || total
-------------------------++-------
Melee: Hand axe          ||    87
       Headbutt          ||    12
Invok: Berserk           ||     2
 Stab: Sleeping          ||     1
Armor: Animal skin       ||    25
Dodge: Dodged            ||    76

Table legend: (Time is in decaauts)
 A = Elapsed time spent in this place.
 B = Non-inter-level travel time spent in this place.
 C = Inter-level travel time spent in this place.
 D = Time resting spent in this place.
 E = Time spent auto-exploring this place.
 F = Levels seen in this place.
 G = Mean time per level.
                   A        B        C        D        E       F      G
               +--------+--------+--------+--------+--------+-----+--------+
         Total |   1531 |   1497 |     34 |    221 |   1037 |   2 |  765.5 |
       Dungeon |   1531 |   1497 |     34 |    221 |   1037 |   2 |  765.5 |
               +--------+--------+--------+--------+--------+-----+--------+

Top non-repeatable levels by time:
     D:1: 1144 daAuts
     D:2: 387 daAuts
